 Dungeon Crawl Stone Soup version 0.31.0-32-g396128a36d (webtiles) character file.

Game seed: 9988592624989045657

2742 Dvallin the Grappler (level 9, -5/64 HPs)
             Began as a White Draconian Shapeshifter on Mar 31, 2024.
             Was an Elder of Makhleb.
             Slain by a killer bee (7 damage)
             ... on level 7 of the Dungeon.
             The game lasted 00:19:12 (6366 turns).

Dvallin the Grappler (White Draconian Shapeshifter) Turns: 6366, Time: 00:19:13

Health: -5/64      AC:  7    Str: 15 (16) XL:     9   Next: 41%
Magic:  14/14      EV: 12    Int:  9 (12) God:    Makhleb [****..]
Gold:   343        SH:  0    Dex: 13 (14) Spells: 8/8 levels left

rFire   . .          .
                       - Unarmed
rCold   + . .        (no shield)
rNeg    . . .        (body armour unavailable)
rPois   .            (helmet currently unavailable)
rElec   .            (cloak currently unavailable)
rCorr   .            (gloves currently unavailable)
SInv    .            (boots currently unavailable)
Will    .....        t - amulet of faith
Stlth   +            o - ring of wizardry
HPRegen 0.30/turn    (no ring)
MPRegen 0.14/turn

%: faith, wizardry (x1)
@: lethally poisoned (-5 -> -9), beast-form
A: beast (slay +4), breathe frost, AC +7, unfitting armour, cold resistance 1,
cold-blooded
a: Breathe Frost, Begin Untransformation, Renounce Religion, Minor Destruction,
Lesser Servant of Makhleb, Major Destruction


You were on level 7 of the Dungeon.
You worshipped Makhleb.
Makhleb was greatly pleased with you.
You were a hulking beast.
You visited 1 branch of the dungeon, and saw 7 of its levels.
You also visited: Ossuary.

You collected 343 gold pieces.

Inventory:

Jewellery
 g - an amulet of magic regeneration
 o - a ring of wizardry (left hand)
 t - an amulet of faith (around neck)
 z - a +6 ring of intelligence
Talismans
 b - a beast talisman
 c - a flux talisman
 E - a storm talisman
Wands
 a - a wand of flame (45)
 u - a wand of iceblast (16)
Scrolls
 f - a scroll of torment
 i - 4 scrolls of butterflies
 j - 3 scrolls of enchant weapon
 k - 2 scrolls of fear
 m - a scroll of teleportation
 p - a scroll of immolation
 q - 3 scrolls of identify
 w - a scroll of silence
 y - 5 scrolls of vulnerability
 D - 2 scrolls of fog
 F - a scroll of poison
Potions
 d - 3 potions of degeneration
 e - a potion of mutation {unknown}
 h - a potion of invisibility {unknown}
 l - 2 potions of curing
 n - a potion of brilliance {unknown}
 r - a potion of resistance {unknown}
 s - 2 potions of heal wounds {unknown}
 v - 4 potions of haste {unknown}
 x - a potion of berserk rage {unknown}
 A - a potion of lignification
 B - a potion of magic {unknown}
 C - a potion of ambrosia {unknown}


   Skills:
 - Level 1.1 Fighting
 - Level 1.7 Dodging
 + Level 8.9 Unarmed Combat
 + Level 7.8 Invocations
 - Level 7.0 Shapeshifting


You had 8 spell levels left.
You didn't know any spells.
Your spell library contained the following spells:

 Spells                   Type           Power      Damage    Failure   Level
 Apportation              Tloc           0%         N/A       16%         1
 Slow                     Hex            0%         N/A       16%         1
 Jinxbite                 Hex            0%         N/A       24%         2
 Call Canine Familiar     Summ           0%         N/A       43%         3
 Confusing Touch          Hex            0%         N/A       43%         3
 Sigil of Binding         Hex            0%         N/A       43%         3
 Vampiric Draining        Necr           0%         2d6       43%         3
 Dimensional Bullseye     Hex/Tloc       0%         N/A       82%         4
 Alistair's Intoxication  Alch           0%         N/A       98%         5


Dungeon Overview and Level Annotations

Branches:
Dungeon (7/15)             Temple (0/1) D:4         Ossuary (visited)

Altars:
Makhleb
Wu Jian
Xom
Yredelemnul
The Shining One

Shops:
D:7 !

Annotations:
D:7 1 transporter, PriceMaster's ghost, novice VSEn


Innate Abilities, Weirdness & Mutations

You are a hulking beast.
Your limbs bulge with bestial killing power. (Slay +4)
You can breathe waves of freezing cold which knock back foes.
Your icy white scales are hard. (AC +7)
You cannot fit into any form of body armour.
Your flesh is cold resistant. (rC+)
You are cold-blooded and may be slowed by cold attacks.


Message History

The killer bee poisons you! The killer bee stings you.
You completely miss the killer bee.
The killer bee is severely wounded.
You feel very sick.
The killer bee stings you but does no damage.
The killer bee closely misses you. The killer bee stings you.
You are more poisoned.
The killer bee poisons you! The killer bee barely misses you.
You punch the killer bee!
You kill the killer bee!
Makhleb accepts your kill.
You feel better.
You feel very sick. The killer bee misses you.
You feel your dexterity returning.
You miss the killer bee.
Your tail-slap misses the killer bee.
You feel very sick.
The killer bee stings you but does no damage.
The killer bee misses you.
You punch the killer bee!
Your tail-slap misses the killer bee.
Your punch misses the killer bee.
The killer bee is heavily wounded.
You feel very sick. The killer bee barely misses you.
The killer bee stings you.
* * * LOW HITPOINT WARNING * * *
You miss the killer bee.
Your tail-slap misses the killer bee.
Your punch misses the killer bee.
The killer bee is heavily wounded.
You feel sick. The killer bee stings you.
* * * LOW HITPOINT WARNING * * *
The killer bee stings you but does no damage.
You barely miss the killer bee.
The killer bee is heavily wounded.
* * * LOW HITPOINT WARNING * * *
You feel sick. The killer bee closely misses you.
You miss the killer bee.
The killer bee is heavily wounded.
* * * LOW HITPOINT WARNING * * *
You feel sick. The killer bee stings you!
You die...

#..# ...#. #...##.............
###..#..##..#......#......>......
.....#...#..©..##..#.#....#######
....##.#.....#.....#.#....#######
....# ...###=..##.##............+
....## .#..!W5. . #.......#######
###..###. ##### ##.......#######
#....####.©.####...............
###.O..........†h................
#.....##..##...##y...............
+.....##.........................
#......#.........................
####+#.#.........................
...#O..........###+##.......#....
...#y#y..#...#...................
...#.#...#...#.........#.#####.##
...yyyy.s..............#..####.##


You could see a killer bee.

Vanquished Creatures
  Maggie (D:6)
  A steam dragon (D:6)
  A water moccasin (D:7)
  2 ice beasts
  A sky beast (D:7)
  A black bear (D:5)
  An ogre (D:5)
  A phantom (D:6)
  A weeping skull (Ossuary)
  6 scorpions
  6 wights
  2 killer bees (D:7)
  2 bullfrog zombies (Ossuary)
  5 hounds
  2 jellies
  5 iguanas
  6 orc wizards
  A scorpion zombie (Ossuary)
  A mummy (D:6)
  7 gnolls
  9 adders
  2 white imps
  3 ufetubi
  4 dart slugs
  4 ribbon worms
  15 orcs
  3 ball pythons
  6 endoplasms
  3 giant cockroaches
  7 hobgoblins
  6 jackals
  A quokka (D:2)
  2 bats
  3 frilled lizards
  2 gnoll zombies (Ossuary)
  A goblin (D:2)
  4 goblin zombies (Ossuary)
  7 hobgoblin zombies (Ossuary)
  5 kobolds
  5 orc zombies (Ossuary)
  5 rats
150 creatures vanquished.

Vanquished Creatures (collateral kills)
  A wight (D:6)
  A white imp (D:6)
2 creatures vanquished.

Grand Total: 152 creatures vanquished

Notes
Turn   | Place    | Note
-------+----------+-------------------------------------------
     0 | D:1      | Dvallin the Draconian Shapeshifter began the quest for the
                  | Orb.
     0 | D:1      | Reached XP level 1. HP: 16/16 MP: 1/1
   114 | D:1      | You fall into a shaft and drop 1 floor!
   181 | D:2      | Reached XP level 2. HP: 12/23 MP: 2/2
   285 | D:2      | Found a faded altar of an unknown god.
   290 | D:2      | Prayed at the altar of an unknown god.
   290 | D:2      | Became a worshipper of Makhleb the Destroyer
   290 | D:2      | Reached * piety under Makhleb
   493 | D:2      | Reached skill level 4 in Unarmed Combat
   577 | D:2      | Reached skill level 1 in Invocations
   577 | D:2      | Reached XP level 3. HP: 23/28 MP: 3/3
  1523 | D:3      | Reached ** piety under Makhleb
  1524 | D:3      | Reached XP level 4. HP: 35/35 MP: 5/5
  1866 | D:3      | Reached skill level 5 in Unarmed Combat
  1938 | D:4      | Found an ornate altar of the Wu Jian Council.
  1944 | D:4      | Noticed a spectral centipede
  1944 | D:4      | Noticed a spectral black mamba
  1944 | D:4      | Noticed a spectral cane toad
  1990 | D:4      | Reached XP level 5. HP: 20/40 MP: 6/6
  2316 | D:4      | Found a staircase to the Ecumenical Temple.
  2651 | D:4      | Identified the +2 robe of the Wasteland {Rampage rF+ Dex+4}
  2673 | D:4      | Reached XP level 6. HP: 34/47 MP: 8/8
  2682 | D:4      | Reached skill level 6 in Unarmed Combat
  2834 | D:5      | Entered Level 5 of the Dungeon
  2834 | D:5      | Found a shimmering altar of Xom.
  3053 | D:5      | Reached *** piety under Makhleb
  3054 | D:5      | Your scales start taking on an icy white colour.
  3054 | D:5      | Reached XP level 7. HP: 19/52 MP: 10/10
  3054 | D:5      | Gained mutation: Your flesh is cold resistant. (rC+) [White
                  | Draconian growth]
  3644 | D:5      | Reached skill level 5 in Shapeshifting
  3957 | D:5      | Found a glowing golden altar of the Shining One.
  3959 | D:5      | Noticed an angel
  3964 | D:5      | Found a basalt altar of Yredelemnul.
  3966 | D:5      | Noticed a profane servitor
  4021 | D:6      | Reached skill level 5 in Invocations
  4021 | D:6      | Noticed a steam dragon
  4065 | D:6      | Reached XP level 8. HP: 47/59 MP: 11/11
  4077 | D:6      | Reached skill level 7 in Unarmed Combat
  4412 | D:6      | Noticed Maggie
  4450 | D:6      | Killed Maggie
  4562 | D:6      | Found a sand-covered staircase.
  4571 | Ossuary  | Entered an ossuary
  4621 | Ossuary  | Reached **** piety under Makhleb
  4874 | Ossuary  | Noticed a silent spectre
  5195 | D:6      | Reached XP level 9. HP: 64/64 MP: 13/13
  5206 | D:6      | Reached skill level 8 in Unarmed Combat
  5780 | D:7      | Found Keduamon's Distillery.
  6341 | D:7      | Found a transporter.
  6346 | D:7      | Noticed PriceMaster's ghost (novice VSEn)
  6366 | D:7      | HP: 2/64 [poisoned by a killer bee]
  6366 | D:7      | Slain by a killer bee

Illustrated notes

Levels and vault maps discovered:
D:1:      dpeg_arrival_tiny_h, layout_loops_ring
D:2:      layout_loops_corners, shapermc_ecumenical_altar_petra, serial_forest,
          infiniplex_forest_clump_cross, infiniplex_forest_split,
          infiniplex_forest_end_1, infiniplex_forest_end_1,
          infiniplex_forest_end_1, infiniplex_forest_lined_2,
          infiniplex_forest_lined_2, infiniplex_forest_lined_room_3
D:3:      layout_rooms
D:4:      layout_basic, pdpol_wu_jian_five_deadly_venoms,
          minmay_temple_entry_wispy, small_statue_intersection,
          nicolae_zig_zag_zippers
D:5:      layout_loops_ring, mainiacjoe_overflow_cross_hatched,
          grunt_temple_overflow_holy_war, minmay_starry_boxes
D:6:      layout_cave_pools, gup_ossuary_entry_pyramid, uniq_maggie
D:7:      layout_basic, gammafunk_ghost_stat_death, serial_shops, shop

Skill      XL: |  1  2  3  4  5  6  7  8  9 |
---------------+----------------------------+-----
Unarmed Combat | 4 5 6 7 8 |  8.9
Invocations    | 1 2 3 4 5 6 7 |  7.8
Shapeshifting  | 4 5 7 |  7.0
Fighting       | |  1.1
Dodging        | |  1.7

Action                     |  1- 3 |  4- 6 |  7- 9 || total
---------------------------+-------+-------+-------++-------
  Melee: Unarmed           |   114 |   144 |   214 ||   472
         Tailslap          |    11 |    14 |    37 ||    62
         Punch             |     4 |     3 |    11 ||    18
 Invoke: Minor Destruction |       |     4 |    18 ||    22
         Lesser Servant of |       |       |     2 ||     2
Ability: Breathe Frost     |       |       |    15 ||    15
    Use: Potion            |       |     1 |     3 ||     4
         Scroll            |       |       |    13 ||    13
   Stab: Sleeping          |     1 |     2 |       ||     3
         Distracted        |       |       |     1 ||     1
 Armour: Skin              |    50 |    88 |   159 ||   297
  Dodge: Dodged            |    85 |    64 |   114 ||   263
